 Dungeon Crawl Stone Soup version 0.24.0-13-gcf9b3192b9 (webtiles) character file.

Game seed: 6597085702355891332, levelgen mode: deterministic

201 Esekla the Charmwright (level 5, -3/29 HPs)
             Began as a Deep Elf Skald on Nov 6, 2019.
             Slain by Sigmund
             ... wielding a +0 scythe
              (9 damage)
             ... on level 3 of the Dungeon.
             The game lasted 00:21:38 (3468 turns).

Esekla the Charmwright (Deep Elf Skald)             Turns: 3468, Time: 00:21:38

Health: -3/29      AC:  6    Str: 10    XL:     5   Next: 50%
Magic:  10/11      EV: 13    Int: 21    God:
Gold:   148        SH:  0    Dex: 15    Spells: 2/10 levels left

rFire    . . .     SeeInvis .   f - +2 dagger (pain)
rCold    . . .     Gourm    .   (no shield)
rNeg     . . .     Faith    .   b - +0 leather armour
rPois    .         Spirit   .   (no helmet)
rElec    .         Reflect  .   (no cloak)
rCorr    .         Harm     .   g - +1 pair of gloves
MR       .....                  t - +0 pair of boots
Stlth    ++........             (no amulet)
HPRegen  0.09/turn              n - +3 ring of intelligence
MPRegen  0.12/turn              s - +2 ring of strength

@: hasted, very quick
A: no striking features
a: no special abilities


You were on level 3 of the Dungeon.
You were hungry.

You visited 1 branch of the dungeon, and saw 4 of its levels.

You collected 148 gold pieces.

Inventory:

Hand Weapons
 a - a +0 falchion
 f - a +2 dagger of pain (weapon)
Missiles
 c - 13 boomerangs (quivered)
 o - 6 silver javelins
Armour
 b - a +0 leather armour (worn)
 g - a +1 pair of gloves (worn)
 t - a +0 pair of boots (worn)
Jewellery
 n - a +3 ring of intelligence (left hand)
 s - a +2 ring of strength (right hand)
 u - an uncursed ring of ice
Scrolls
 e - a scroll of magic mapping {unknown}
 j - a scroll of random uselessness {unknown}
 k - 3 scrolls of teleportation {unknown}
 l - 3 scrolls of fog {unknown}
 p - 4 scrolls of identify {unknown}
 q - a scroll of remove curse {unknown}
Potions
 h - a potion of curing
 i - a potion of magic {unknown}
 m - a potion of haste
 r - 2 potions of lignification {unknown}
 v - a potion of agility {unknown}
Comestibles
 d - 6 rations


   Skills:
 - Level 1.5 Fighting
 * Level 3.1(3.7) Short Blades
 * Level 2.6(3.2) Long Blades
 + Level 1.3 Armour
 * Level 3.6 Dodging
 + Level 1.1 Stealth
 - Level 3.0 Spellcasting
 - Level 4.4 Charms
 * Level 1.0 Necromancy
 * Level 1.6 Translocations


You had 2 spell levels left.
You knew the following spells:

 Your Spells              Type           Power        Failure   Level  Hunger
a - Infusion              Chrm           ###.         3%          1    None
b - Shroud of Golubria    Chrm/Tloc      ###...       8%          2    ##.....
c - Song of Slaying       Chrm           ###.....     4%          2    ##.....
g - Regeneration          Chrm/Necr      ##........   17%         3    ###....

Your spell library contained the following spells:

 Spells                   Type           Power        Failure   Level  Hunger
 Spectral Weapon          Hex/Chrm       ##......     22%         3    ###....


Dungeon Overview and Level Annotations

Branches:
Dungeon (4/15)
 Temple: D:4-7

Altars:
Fedhas
Kikubaaqudgha
Okawaru
Qazlal
Sif Muna

Annotations:
D:3 Sigmund


Message History

The slug dart misses you. Sigmund closely misses you.
You bump into the rock wall.
The orc hits you but does no damage.
You feel less confused. Sigmund barely misses you.
The orc hits you but does no damage.
It was a potion of haste.
You feel yourself speed up. The orc hits you with a +0 short sword.
* * * LOW HITPOINT WARNING * * *
The orc barely misses you. Sigmund closely misses you.
It was a potion of curing.
You feel better. The orc hits you with a +0 short sword.
The orc hits you with a +0 falchion.
* * * LOW HITPOINT WARNING * * *
Sigmund hits you from afar with a +0 scythe.
* * * LOW HITPOINT WARNING * * *
The orc throws a stone.
The stone hits you but does no damage.
The orc throws a stone.
The stone barely misses you.
There is a stone staircase leading up here.
You see here a stone.
The orc hits you but does no damage.
Sigmund hits you from afar with a +0 scythe!
You die...

....#.............#...........#
###..#o...%......##......###
##....#.......###......#
#.w.........w.........## %..
......##...#.##wo......... #..
##.#.#........#...........###
#.. #.w.#w..#......@...(........
#..
#...........).o....###.####.##..
#....#.........@.....#.####..$..
#.... ..$............# .........
.....$.....[...# .........
..##..#.(................. .
#......(......###.#.Z..
#.#.........#.# #..<.
.............# . #..#...
.##.#....._.$# ##.##..
..##.......# # ###


You could see Sigmund, a worm, a dart slug and 2 orcs.

Vanquished Creatures
  An orc priest (D:3)
  Jessica (D:3)
  An orc wizard (D:3)
  5 adders
  An ooze (D:3)
  An adder zombie (D:3)
  2 worms
  3 dart slugs (D:1)
  A leopard gecko (D:1)
  4 orcs
  A ball python (D:2)
  5 giant cockroaches
  5 goblins
  3 hobgoblins
  6 kobolds
  2 quokkas (D:2)
  6 bats
  3 frilled lizards
  A jackal skeleton (D:4)
  6 rats
58 creatures vanquished.

Notes
Turn   | Place    | Note
-------+----------+-------------------------------------------
     0 | D:1      | Esekla the Deep Elf Skald began the quest for the Orb.
     0 | D:1      | Reached XP level 1. HP: 12/12 MP: 6/6
   529 | D:2      | Reached XP level 2. HP: 9/16 MP: 5/8
   596 | D:2      | Found an ancient bone altar of Kikubaaqudgha.
   597 | D:2      | Found an iron altar of Okawaru.
   597 | D:2      | Found a stormy altar of Qazlal.
  1022 | D:1      | Reached skill level 1 in Short Blades
  1052 | D:1      | Learned a level 2 spell: Shroud of Golubria
  1055 | D:1      | Learned a level 2 spell: Song of Slaying
  1375 | D:1      | Reached XP level 3. HP: 19/20 MP: 1/9
  1448 | D:3      | Found a shimmering blue altar of Sif Muna.
  1694 | D:2      | Reached skill level 1 in Armour
  2095 | D:2      | Found a blossoming altar of Fedhas.
  2260 | D:3      | Noticed Sigmund
  2514 | D:3      | Reached skill level 1 in Translocations
  2647 | D:3      | Reached XP level 4. HP: 25/25 MP: 5/10
  2918 | D:2      | Learned a level 3 spell: Regeneration
  3131 | D:4      | Reached XP level 5. HP: 25/29 MP: 8/11
  3274 | D:3      | Noticed Jessica
  3278 | D:3      | Killed Jessica
  3278 | D:3      | Reached skill level 1 in Stealth
  3405 | D:3      | Reached skill level 1 in Necromancy
  3468 | D:3      | Slain by Sigmund

Levels and vault maps discovered:
D:1:      tarquinn_simple_flora_water_d, layout_loops_cross,
          minmay_misc_feat_alley
D:2:      layout_loops_ring, chequers_temple_overflow_statue_of_worship,
          first_ration, minmay_door_square, serial_park_tiny_1,
          fedhas_altar_fruit_tree
D:3:      layout_rooms, overflow_temple_1_default, uniq_jessica, uniq_sigmund,
          uniq_crazy_yiuf_cottage
D:4:      layout_loops_ring, chequers_serial_rivers_marsh, uniq_robin,
          uniq_edmund

Skill      XL: |  1  2  3  4  5 |
---------------+----------------+-----
Long Blades    | 2 |  2.6
Short Blades   | 1 2 3 |  3.1
Dodging        | 3 |  3.6
Armour         | 1 |  1.3
Translocations | 1 |  1.6
Stealth        | 1 |  1.1
Necromancy     | 1 |  1.0
Fighting       | |  1.5
Spellcasting   | |  3.0
Charms         | |  4.4

Action                   |  1- 3 |  4- 6 || total
-------------------------+-------+-------++-------
Melee: Falchion          |    33 |       ||    33
       Dagger            |   109 |   102 ||   211
Throw: Boomerang         |       |     2 ||     2
 Cast: Infusion          |    10 |     5 ||    15
       Shroud of Golubri |     2 |     7 ||     9
       Regeneration      |       |     1 ||     1
  Use: Potion            |       |     2 ||     2
  Eat: Chunk             |     4 |     4 ||     8
Armor: Leather armour    |    36 |    24 ||    60
Dodge: Dodged            |   100 |    71 ||   171
       Rpst.: Falchion   |     9 |       ||     9
